 Seeded DCSS version 0.29.1-15-g9cfb28693d (webtiles) character file.

Game seed: 9529714651559989746 (custom seed)

42 Psyclone the Conjurer (level 3, 19/19 HPs)
             Began as a Deep Elf Conjurer on Sept 30, 2023.
             Quit the game on level 1 of the Dungeon.
             The game lasted 00:02:44 (1150 turns).

Psyclone the Conjurer (Deep Elf Conjurer)           Turns: 1150, Time: 00:02:44

Health: 19/19      AC:  2    Str:  4    XL:     3   Next: 33%
Magic:  9/9        EV: 12    Int: 24    God:
Gold:   49         SH:  0    Dex: 13    Spells: 5/8 levels left

rFire   . . .      SeeInvis .   (no weapon)
rCold   . . .      Faith    .   (no shield)
rNeg    . . .      Spirit   .   a - +0 robe
rPois   .          Reflect  .   (no helmet)
rElec   .          Harm     .   (no cloak)
rCorr   .          Rampage  .   (no gloves)
Will    .....                   (no boots)
Stlth   ++........              (no amulet)
HPRegen 0.06/turn               (no ring)
MPRegen 0.11/turn               (no ring)

@: no status effects
A: no striking features
a: no special abilities


You were on level 1 of the Dungeon.
You visited 1 branch of the dungeon, and saw 1 of its levels.

You collected 49 gold pieces.

Inventory:

Armour
 a - a +0 robe (worn)
Jewellery
 e - a ring of poison resistance
Scrolls
 c - 2 scrolls of identify {unknown}
 g - a scroll of fear {unknown}
 h - 3 scrolls of acquirement
 i - a scroll of noise {unknown}
 j - 2 scrolls of poison {unknown}
Potions
 b - a potion of magic
 d - 2 potions of degeneration {unknown}
 f - a potion of invisibility {unknown}


   Skills:
 - Level 2.4 Dodging
 - Level 2.4 Stealth
 - Level 3.0 Spellcasting
 + Level 5.7 Conjurations


You had 5 spell levels left.
You knew the following spells:

 Your Spells              Type           Power      Damage    Failure   Level
a - Magic Dart            Conj           100%       1d8       1%          1
b - Searing Ray           Conj           62%        2d6       1%          2

Your spell library contained the following spells:

 Spells                   Type           Power      Damage    Failure   Level
 Dazzling Flash           Conj/Hex       34%        N/A       10%         3
 Sting                    Tmut/Pois      12%        1d3       11%         1
 Poisonous Vapours        Pois/Air       6%         N/A       16%         2
 Fulminant Prism          Conj/Hex       8%         3d7       32%         4
 Iskenderun's Mystic Bla  Conj/Tloc      17%        2d5       32%         4
 Olgreb's Toxic Radiance  Pois           3%         N/A       71%         4


Dungeon Overview and Level Annotations

Branches:
Dungeon (1/15) Zot: 4850

Altars:

Shops:
D:1 *


Message History

The magic dart hits the ball python.
The ball python is moderately wounded.
The ball python hisses angrily.
You now have 8/9 mp.
Casting: Magic Dart (safe; 1% risk of failure)
Confirm with . or Enter, or press ? or * to list all spells.
Aiming: Magic Dart (safe; 1% risk of failure)
Press: ? - help, Shift-Dir - straight line, f/p - ball python
Aim: a ball python (moderately wounded, 100% to hit)
You miscast Magic Dart.
You are very lightly contaminated with residual magic.
Nothing appears to happen.
You now have 7/9 mp.
A ball python is nearby!
Casting: Magic Dart (safe; 1% risk of failure)
Confirm with . or Enter, or press ? or * to list all spells.
Aiming: Magic Dart (safe; 1% risk of failure)
Press: ? - help, Shift-Dir - straight line, f/p - ball python
Aim: a ball python (moderately wounded, 100% to hit)
The magic dart hits the ball python.
The ball python is severely wounded.
You now have 6/9 mp.
A ball python is nearby!
Casting: Magic Dart (safe; 1% risk of failure)
Confirm with . or Enter, or press ? or * to list all spells.
Aiming: Magic Dart (safe; 1% risk of failure)
Press: ? - help, Shift-Dir - straight line, f/p - ball python
Aim: a ball python (severely wounded, 100% to hit)
The magic dart hits the ball python.
You kill the ball python!
You now have 5/9 mp.
Your magical contamination has completely faded away.
A dart slug comes into view.
The dart slug moves out of view.
MP restored: 9 Done exploring.
This is a scroll of acquirement!
Unknown command.
Unknown command.
Are you sure you want to abandon this character and quit the game? (Confirm with "yes".)

#.......#.......# #...<...# #
##......#.##.#..## ##.......## ##
#...).......#...###.........###.
#.######.##.....................
#.# #....##........###....... #.#
#.##.##.......## ##...... #.#
#.##.##.......# #...... #.#
#....##.......## ##...... ##.#
####.##.@......###....... ...#
##..##..................
.#########.......................
..##.#..##.#..##.#.(##.#..###.###
..#.##..#.##..#.##..#.##..###.# #
##....##....##....##....##....###
.#.##..#.##..#.##..#.##..#.......
#..##.#..##.#..##.#..##.#........
##....##)...##....##....##.##....


There were no monsters in sight!

Vanquished Creatures
  A dart slug (D:1)
  6 bats (D:1)
  2 endoplasms (D:1)
  2 goblins (D:1)
  5 hobgoblins (D:1)
  4 jackals (D:1)
  3 kobolds (D:1)
  2 quokkas (D:1)
  4 ball pythons (D:1)
  A frilled lizard (D:1)
  5 rats (D:1)
35 creatures vanquished.

Notes
Turn   | Place    | Note
-------+----------+-------------------------------------------
     0 | D:1      | Psyclone the Deep Elf Conjurer began the quest for the Orb.
     0 | D:1      | Reached XP level 1. HP: 10/10 MP: 6/6
   220 | D:1      | Reached XP level 2. HP: 15/15 MP: 6/8
   246 | D:1      | Reached skill level 5 in Conjurations
   338 | D:1      | Found Balubi's Assorted Antiques.
   483 | D:1      | Reached XP level 3. HP: 19/19 MP: 1/9
   498 | D:1      | Learned a level 2 spell: Searing Ray
  1150 | D:1      | Identified 3 scrolls of acquirement
  1150 | D:1      | Quit the game

Illustrated notes

Levels and vault maps discovered:
D:1:      minmay_arrival_four_circles, layout_basic, serial_shops,
          nicolae_shop_trees, nicolae_eternal_life, st_stairs_1,
          minmay_small_reverse_x

Skill      XL: |  1  2 |
---------------+-------+-----
Conjurations   | 5 |  5.7
Dodging        | |  2.4
Stealth        | |  2.4
Spellcasting   | |  3.0

Action                   || total
-------------------------++-------
 Cast: Magic Dart        ||    54
       Searing Ray       ||     2
Armor: Robe              ||     8
Dodge: Dodged            ||    12
